 Dungeon Crawl Stone Soup version 0.29.1-12-g30fa7ad0bf (webtiles) character file.

Game seed: 3726170842082530927

177 concernfroge the Trooper (level 5, 0/46 HPs)
             Began as a Mummy Monk on Dec 18, 2022.
             Slain by a centaur zombie (1 damage)
             ... in an ossuary.
             The game lasted 00:05:09 (2068 turns).

concernfroge the Trooper (Mummy Monk)               Turns: 2068, Time: 00:05:10

Health: 0/46       AC:  8    Str: 23    XL:     5   Next: 30%
Magic:  5/5        EV:  8    Int:  9    God:
Gold:   74         SH:  5    Dex: 14    Spells: 4/4 levels left

rFire   x . .      SeeInvis .   f - +1 spear (flame)
rCold   + . .      Faith    .   (no shield)
rNeg    + + +      Spirit   .   h - +0 chain mail
rPois   ∞          Reflect  +   (no helmet)
rElec   .          Harm     .   (no cloak)
rCorr   .          Rampage  .   (no gloves)
Will    .....                   (no boots)
Stlth   ..........              b - amulet of reflection
HPRegen 0.15/turn               a - +6 ring of strength
MPRegen 0.09/turn               (no ring)

@: marked
A: cold resistance 1, negative energy resistance 3, torment resistance 2, heat
vulnerability 1, in touch with death 1, no potions
a: no special abilities


You were in an ossuary.
You visited 1 branch of the dungeon, and saw 4 of its levels.
You also visited: Ossuary.

You collected 74 gold pieces.

Inventory:

Hand Weapons
 f - a +1 spear of flaming (weapon)
Missiles
 g - 3 stones (quivered)
Armour
 h - a +0 chain mail (worn)
Jewellery
 a - a +6 ring of strength (left hand)
 b - an amulet of reflection (around neck)
Wands
 c - a wand of iceblast (6)
Scrolls
 d - a scroll of poison


   Skills:
 + Level 6.1 Fighting
 - Level 2.4 Polearms
 - Level 2.4 Dodging
 - Level 1.5 Stealth


You had 4 spell levels left.
You didn't know any spells.
Your spell library was empty.

Dungeon Overview and Level Annotations

Branches:
Dungeon (4/15)            Ossuary (1/1)
 Temple: D:4-7

Altars:

Annotations:
D:2 Terence


Innate Abilities, Weirdness & Mutations

You are immune to poison.
Your flesh is cold resistant. (rC+)
You are immune to negative energy. (rN+++)
You are immune to unholy pain and torment.
You are vulnerable to heat. (rF-)
You are in touch with the powers of death.
You do not drink.


Message History

The centaur zombie is moderately damaged.
The centaur zombie hits you but does no damage.
The centaur zombie kicks you but does no damage.
The hobgoblin zombie hits you but does no damage.
The centaur zombie hits you but does no damage.
The centaur zombie kicks you but does no damage.
You completely miss the centaur zombie.
The centaur zombie is moderately damaged.
The hobgoblin zombie closely misses you.
The centaur zombie hits you but does no damage.
The centaur zombie closely misses you. The mummy hits you!
* * * LOW HITPOINT WARNING * * *
Blink to where?
Press: ? - help, Dir - move target
As you read the scroll of blinking, it crumbles to dust.
The centaur zombie fails to trigger a net trap.
The mummy drops a net on you.
You become entangled in the net!
You stop descending the stairs.
You struggle against the net.
You struggle against the net.
You rip the net and break free!
The centaur zombie closely misses you.
The centaur zombie kicks you but does no damage.
The mummy drops a net on you.
You become entangled in the net!
You struggle against the net.
The centaur zombie hits you but does no damage.
The centaur zombie completely misses you.
The centaur zombie hits you but does no damage.
The centaur zombie kicks you but does no damage.
You tear a large gash into the net.
The centaur zombie hits you but does no damage.
The centaur zombie kicks you but does no damage.
The mummy hits you!
* * * LOW HITPOINT WARNING * * *
You shred the net and break free! You block the centaur zombie's attack.
The centaur zombie closely misses you. x2
The centaur zombie barely misses you.
The centaur zombie closely misses you. x2
The centaur zombie hits you but does no damage.
The centaur zombie kicks you.
You die...

#####
.#.#.#.#.###########
^...........Z.......##
....^^......MZ.......#
.^.....^^.ZM.@.∩.....#
.^..^...^...ZM.......#
....................##
#.#.#.#.#.###########
###########


You could see 3 mummies, 2 hobgoblin zombies and 2 centaur zombies.

Vanquished Creatures
  2 centaur zombies (Ossuary)
  An orc priest (D:3)
  Ijyb (D:3)
  An adder (D:4)
  A white imp (D:3)
  7 orcs
  3 ball pythons
  3 endoplasms
  2 giant cockroaches
  7 goblins
  2 hobgoblins
  3 kobolds
  A quokka (D:1)
  3 frilled lizards
  4 rats
41 creatures vanquished.

Notes
Turn   | Place    | Note
-------+----------+-------------------------------------------
     0 | D:1      | concernfroge the Mummy Monk began the quest for the Orb.
     0 | D:1      | Reached XP level 1. HP: 18/18 MP: 1/1
   195 | D:1      | Reached XP level 2. HP: 22/24 MP: 2/2
   324 | D:1      | You fall into a shaft and drop 1 floor!
   333 | D:2      | Noticed Terence
   386 | D:3      | Reached skill level 4 in Fighting
   579 | D:3      | Noticed Ijyb
   859 | D:3      | Gained mutation: You are in touch with the powers of death.
                  | [Mummy growth]
   859 | D:3      | Reached XP level 3. HP: 31/31 MP: 3/3
  1373 | D:3      | Killed Ijyb
  1374 | D:3      | Reached skill level 5 in Fighting
  1374 | D:3      | Reached XP level 4. HP: 13/39 MP: 4/4
  2032 | D:4      | Found a sand-covered staircase.
  2037 | Ossuary  | Entered an ossuary
  2050 | Ossuary  | Reached XP level 5. HP: 34/46 MP: 5/5
  2056 | Ossuary  | Reached skill level 6 in Fighting
  2066 | Ossuary  | HP: 1/46 [mummy (8)]
  2068 | Ossuary  | Slain by a centaur zombie

Illustrated notes

Levels and vault maps discovered:
D:1:      onia_arrival_handbag, layout_basic, hellmonk_ecumenical_altar_lost_god
D:2:      layout_rooms, uniq_jessica, uniq_natasha, uniq_terence
D:3:      kennysheep_the_goblin_king, layout_loops_ring, serial_rivers,
          chequers_serial_rivers_micro_d, chequers_serial_rivers_room_a,
          chequers_serial_rivers_micro_e, chequers_serial_rivers_micro_d,
          grunt_decor_mini_mirrors
D:4:      layout_rooms, ebering_ghost_rock_garden, enter_ossuary_5
Ossuary:  ossuary_the_hunt_dpeg

Skill      XL: |  1  2  3  4  5 |
---------------+----------------+-----
Fighting       | 4 5 6 |  6.1
Polearms       | |  2.4
Dodging        | |  2.4
Stealth        | |  1.5

Action                   |  1- 3 |  4- 6 || total
-------------------------+-------+-------++-------
Melee: Spear             |    95 |    58 ||   153
       Punch             |     2 |       ||     2
Throw: Stone             |    13 |       ||    13
  Use: Scroll            |     3 |     3 ||     6
 Stab: Sleeping          |     5 |       ||     5
Armor: Robe              |     6 |       ||     6
       Chain mail        |       |    52 ||    52
Dodge: Dodged            |    33 |    40 ||    73
Block: Other             |       |    14 ||    14
